 Dungeon Crawl Stone Soup version 0.28-a0-479-g5baa6b73be (webtiles) character file.

Game seed: 12503667541088192688

37 speeev33 the Vandal (level 3, -3/31 HPs)
             Began as a Minotaur Hunter on Sept 19, 2021.
             Slain by an iguana (11 damage)
             ... on level 2 of the Dungeon.
             The game lasted 00:01:16 (657 turns).

speeev33 the Vandal (Minotaur Hunter)                Turns: 657, Time: 00:01:16

Health: -3/31      AC:  3    Str: 17    XL:     3   Next: 21%
Magic:  2/2        EV: 11    Int:  8    God:
Gold:   68         SH:  0    Dex: 10    Spells: 2/2 levels left

rFire   . . .      SeeInvis .   a - +1 hunting sling
rCold   . . .      Faith    .   (no shield)
rNeg    . . .      Spirit   .   c - +0 leather armour
rPois   .          Reflect  .   (helmet restricted)
rElec   .          Harm     .   (no cloak)
rCorr   .          Rampage  .   (no gloves)
Will    .....                   (no boots)
Stlth   +.........              (no amulet)
HPRegen 0.10/turn               (no ring)
MPRegen 0.08/turn               (no ring)

@: no status effects
A: horns 2, retaliatory headbutt
a: no special abilities


You were on level 2 of the Dungeon.
You visited 1 branch of the dungeon, and saw 2 of its levels.

You collected 68 gold pieces.

Inventory:

Hand Weapons
 a - a +1 hunting sling (weapon)
 b - a +0 short sword
Missiles
 d - a sling bullet (quivered ammo)
 e - 15 stones
Armour
 c - a +0 leather armour (worn)
Scrolls
 f - a scroll of vulnerability {unknown}
 g - a scroll of magic mapping {unknown}


   Skills:
 + Level 3.6 Fighting
 + Level 5.0 Slings
 - Level 2.1 Dodging
 - Level 0.7 Stealth


You had 2 spell levels left.
You didn't know any spells.
Your spell library was empty.

Dungeon Overview and Level Annotations

Branches:
Dungeon (2/15)

Altars:

Annotations:
D:2 Natasha


Innate Abilities, Weirdness & Mutations

You have a pair of horns on your head.
You reflexively headbutt those who attack you in melee.


Message History

The sling bullet hits Natasha but does no damage.
Natasha is heavily wounded.
Natasha claws you.
Fire: 6 sling bullets
Press: ? - help, Q - select action, (/) - cycle Shift-Dir - straight line, f/p - Natasha
Aim: Natasha (heavily wounded, 53% to hit)
You shoot a sling bullet.
The sling bullet hits Natasha but does no damage.
Natasha is heavily wounded.
The iguana bites you!
Natasha wildly gestures.
You feel disoriented. Natasha claws you but does no damage.
Fire: 5 sling bullets
Press: ? - help, Q - select action, (/) - cycle Shift-Dir - straight line, f/p - Natasha
Aim: Natasha (heavily wounded, 53% to hit)
You shoot a sling bullet.
The sling bullet closely misses Natasha.
The iguana bites you. Natasha closely misses you.
Fire: 4 sling bullets
Press: ? - help, Q - select action, (/) - cycle Shift-Dir - straight line, f/p - Natasha
Aim: Natasha (heavily wounded, 53% to hit)
You shoot a sling bullet. The sling bullet hits Natasha.
Natasha is heavily wounded.
The iguana barely misses you. Natasha claws you.
Fire: 3 sling bullets
Press: ? - help, Q - select action, (/) - cycle Shift-Dir - straight line, f/p - Natasha
Aim: Natasha (heavily wounded, 53% to hit)
You shoot a sling bullet. The sling bullet barely misses Natasha.
The iguana bites you!
* * * LOW HITPOINT WARNING * * *
Natasha casts a spell.
Fire: 2 sling bullets
Press: ? - help, Q - select action, (/) - cycle Shift-Dir - straight line, f/p - Natasha
Aim: Natasha (heavily wounded, 53% to hit)
You shoot a sling bullet. The sling bullet hits Natasha.
Natasha is heavily wounded.
The iguana closely misses you. Natasha claws you but does no damage.
The crimson imp blinks!
The iguana bites you!
You die...

..
5.########
#.....((.#
#........#
#........###
.......(...
#....ยง.h.#
#.....l@.#
#........#
#.########


You could see an iguana, Natasha and a crimson imp (summoned).

Vanquished Creatures
  3 dart slugs (D:1)
  An endoplasm (D:1)
  2 giant cockroaches (D:1)
  4 goblins (D:1)
  3 hobgoblins (D:1)
  2 quokkas (D:1)
  6 ball pythons (D:1)
  2 bats (D:1)
  2 frilled lizards (D:1)
  4 kobolds (D:1)
  A rat (D:1)
30 creatures vanquished.

Vanquished Creatures (others)
  3 fungi (D:1)
  2 plants (D:1)
5 creatures vanquished.

Grand Total: 35 creatures vanquished

Notes
Turn   | Place    | Note
-------+----------+-------------------------------------------
     0 | D:1      | speeev33 the Minotaur Hunter began the quest for the Orb.
     0 | D:1      | Reached XP level 1. HP: 18/18 MP: 0/0
    49 | D:1      | Reached XP level 2. HP: 25/25 MP: 1/1
   179 | D:1      | Found a faded altar of an unknown god.
   411 | D:1      | Reached skill level 5 in Slings
   411 | D:1      | Reached XP level 3. HP: 29/31 MP: 2/2
   645 | D:2      | Noticed Natasha
   657 | D:2      | Slain by an iguana

Illustrated notes

Levels and vault maps discovered:
D:1:      dpeg_arrival_yet_another_circle, layout_rooms,
          dreamdust_ecumenical_altar_hidden_monk_grotto,
          chequers_serial_rivers_micro_c
D:2:      cheibrodos_helix_gallery, layout_loops_ring, uniq_natasha

Skill      XL: |  1  2 |
---------------+-------+-----
Fighting       | 3 |  3.6
Slings         | 5 |  5.0
Dodging        | |  2.1
Stealth        | |  0.7

Action                   || total
-------------------------++-------
 Fire: Hunting sling     ||    76
Armor: Leather armour    ||     6
Dodge: Dodged            ||    14

Table legend: (Time is in decaauts)
 A = Elapsed time spent in this place.
 B = Non-inter-level travel time spent in this place.
 C = Inter-level travel time spent in this place.
 D = Time resting spent in this place.
 E = Time spent auto-exploring this place.
 F = Levels seen in this place.
 G = Mean time per level.
                   A        B        C        D        E       F      G
               +--------+--------+--------+--------+--------+-----+--------+
         Total |    653 |    650 |      3 |      0 |    510 |   2 |  326.5 |
       Dungeon |    653 |    650 |      3 |      0 |    510 |   2 |  326.5 |
               +--------+--------+--------+--------+--------+-----+--------+

Top non-repeatable levels by time:
     D:1: 642 daAuts
     D:2: 11 daAuts
